 Dungeon Crawl Stone Soup version 0.23-a0-607-g760965b753 (webtiles) character file.

746244 Morenatsu the Conqueror (level 27, -1/191 HPs)
             Began as a Minotaur Berserker on Dec 20, 2018.
             Was the Champion of Trog.
             Killed from afar by a starcursed mass (10 damage)
             ... with an accursed screaming
             ... while paralysed
             ... on level 5 of the Abyss.
             The game lasted 04:52:48 (69173 turns).

Morenatsu the Conqueror (Minotaur Berserker)       Turns: 69173, Time: 04:52:49

Health: -1/191     AC: 51    Str: 30    XL:     27
Magic:  0/15       EV:  2    Int:  0    God:    Trog [******]
Gold:   6426       SH:  0    Dex: 19    Spells: 26/26 levels left

rFire    . . .     SeeInvis +   j - +7 Screaming Sword {slice, sonic wave}
rCold    + . .     Gourm    .   g - +10 large shield of Ignorance {rN+ Int-4}
rNeg     + . .     Faith    .   u - +11 crystal plate armour
rPois    .         Spirit   +   b - +4 hat "Gonuki" {Regen+ Dex+3 Slay+5}
rElec    .         Reflect  .   P - scarf {cloud immunity}
rCorr    .         Harm     .   J - +2 pair of gloves {Dex+3}
MR       ++...     Rnd*Rage +   L - +2 pair of boots {run} Stlth ..........Rnd*Tele +
                                K - amulet "Yniahing" {Spirit +Blink Str+2}
HPRegen  0.00/turn              z - +6 ring of intelligence
MPRegen  0.14/turn              p - ring of Spontaneous Combustion {Str+2 Int-2 SInv} (curse)

@: paralysed, berserk cooldown, slowed, lost intelligence, quick
A: retaliatory headbutt, horns 2, slimy green scales 1, thin metallic scales 1,
agile 1, berserk 2, blurry vision 1[+2], [clumsy 2], cold resistance 1, deformed
body, deterioration 1[+1], [dopey 2], frail 1[+2], low mp 1[+2], [screaming 2],
[inhibited regeneration], [teleportitis 2], weak 2, [no potion heal 2], subdued
magic 2[+1]
}: 5/15 runes: decaying, silver, demonic, dark, gossamer
a: Berserk, Trog's Hand, Brothers in Arms, Renounce Religion, Evoke Blink


You were on level 5 of the Abyss.
You worshipped Trog.
Trog was exalted by your worship.
You were not hungry.

You visited 9 branches of the dungeon, and saw 44 of its levels.
You visited Pandemonium 1 time, and saw 10 of its levels.
You visited the Abyss 3 times.
You visited 1 bazaar.
You also visited: Ice Cave, Volcano and Wizlab.

You collected 8434 gold pieces.
You spent 2008 gold pieces at shops.

Inventory:

Hand Weapons
 j - the +7 Screaming Sword (weapon) {slice, sonic wave}
   (You found it on level 3 of the Depths)

   It inflicts extra damage upon your enemies.
 I - a +9 great sword of holy wrath
 Y - a +9 antimagic triple sword
Armour
 b - the +4 hat "Gonuki" (worn) {Regen+ Dex+3 Slay+5}
   (You acquired it on level 4 of the Swamp)

   It affects your dexterity (+3).
   It affects your accuracy and damage with ranged weapons and melee attacks
   (+5).
   It increases your rate of regeneration.
 g - the +10 large shield of Ignorance (worn) {rN+ Int-4}
   (You found it on level 1 of the Swamp)

   It affects your intelligence (-4).
   It protects you from negative energy.
 u - a +11 crystal plate armour (worn)
 J - a +2 pair of gloves of dexterity (worn)
 L - a +2 pair of boots of running (worn)
 P - a scarf of cloud immunity (worn)
Jewellery
 p - the cursed ring of Spontaneous Combustion (right hand) {Str+2 Int-2 SInv}
   (You found it in Pandemonium)

   [ring of intelligence]

   It affects your strength (+2).
   It affects your intelligence (-2).
   It lets you see invisible.
   It has a curse placed upon it.
 r - an uncursed ring of protection from cold
 z - a +6 ring of intelligence (left hand)
 C - an uncursed ring of magical power
 F - an uncursed ring of protection from magic
 K - the amulet "Yniahing" (around neck) {Spirit +Blink Str+2}
   (You acquired it on level 2 of the Lair of Beasts)

   [amulet of guardian spirit]

   It causes incoming damage to be split between your health and magic.
   It affects your strength (+2).
   It lets you blink.
 R - an uncursed amulet of magic regeneration
 S - an uncursed ring of protection from fire
Wands
 f - a wand of polymorph (30)
 m - a wand of iceblast (49)
 n - a wand of random effects (12)
 A - a wand of paralysis (11)
 D - a wand of disintegration (56)
 Q - a wand of enslavement (16)
 U - a wand of scattershot (6)
Scrolls
 a - 2 scrolls of holy word
 e - 5 scrolls of blinking
 h - 3 scrolls of fog
 l - 22 scrolls of teleportation
 t - 26 scrolls of remove curse
 v - 2 scrolls of fear
 w - 10 scrolls of identify
 y - 13 scrolls of magic mapping
 G - 2 scrolls of silence
 V - 3 scrolls of brand weapon
 Z - 4 scrolls of enchant weapon
Potions
 d - 3 potions of berserk rage
 k - 14 potions of curing
 o - 4 potions of haste
 q - 3 potions of agility
 s - 8 potions of might
 B - a potion of magic
 E - 3 potions of resistance
 H - 3 potions of ambrosia
 M - 3 potions of invisibility
 N - 3 potions of brilliance
 O - 6 potions of flight
Comestibles
 c - 68 rations


   Skills:
 O Level 27 Fighting
 O Level 27 Long Blades
 O Level 27 Armour
 - Level 20.5 Dodging
 + Level 26.7 Shields


You had 26 spell levels left.
You didn't know any spells.
Your spell library was empty.

Dungeon Overview and Level Annotations

Branches:
Dungeon (15/15)            Temple (0/1) D:7            Lair (6/6) D:9
  Swamp (4/4) Lair:3       Spider (4/4) Lair:4        Slime (0/5) Lair:5
    Orc (2/2) D:10            Elf (3/3) Orc:2        Vaults (5/5) D:14
  Crypt (0/3) Vaults:3     Depths (4/5) D:15           Hell (1/1)
    Dis (0/7) Hell            Geh (0/7) Hell            Coc (0/7) Hell
    Tar (0/7) Hell

Altars:
Dithmenos
Nemelex Xobeh
Okawaru
Ru
Uskayaw
Beogh
Lugonu

Shops:
D:4 :   D:6 (   D:9 %   D:10 =   Orc:2 ?(([   Elf:1 [   Elf:3 [   Vaults:1 [
Vaults:2 (   Depths:1 :

Portals:
Hell: Depths:1 Depths:2 Depths:3 Depths:4
Abyss: Depths:3 Depths:4
Pandemonium: Depths:2 Depths:3
Ziggurat: Depths:2

Annotations:
Swamp:4 exclusion: oklob plant


Innate Abilities, Weirdness & Mutations

You reflexively headbutt those who attack you in melee.
You have a pair of horns on your head.
You are partially covered in slimy green scales. (AC +2)
You are partially covered in thin metallic scales. (AC +2)
You are agile. (Dex +2)
You often lose your temper in combat.
Your flesh is cold resistant. (rC+)
Armour fits poorly on your strangely shaped body.
You are very weak. (Str -4)
[Scrolls take you much longer to read.]
[You are very clumsy. (Dex -4)]
[Your body often deteriorates upon taking damage.]
[You are very dopey. (Int -4)]
[You are extremely frail. (-30% HP)]
[Your magical capacity is extremely low. (-30% MP)]
[You sometimes yell uncontrollably at your foes.]
[You do not regenerate when monsters are visible.]
[You are sometimes teleported next to monsters.]
[Potions are poor at restoring your health.]
[Your spells are much easier to cast, but much less powerful.]


Message History

The flying skull resists.
The living lightning hits the thrashing horror.
The thrashing horror resists.
The thrashing horror is destroyed!
The living lightning misses you. x2; The raiju blinks! x3
An ancient zyme comes into view.
You feel ill.
An apocalypse crab comes into view.
The flying skull completely misses you.
Your system partially rejects the healing.
You feel better.
You block the tentacled starspawn's attack. x2
The wretched star pulses with an eldritch light!
Your regeneration stops near monsters.
You feel stupid. x2
You have lost your intelligence.
The flying skull hits you but does no damage.
The lich touches you but does no damage.
The raiju barely misses you. A chorus of shrieks assaults your mind.
You die...

.#. . #
.. . ####
# #
#......##
# . .t .
.# # ###
# . .# #
# .X#
x.#. . ##
#4#
#hh###
#h##LN*#
. . #
#.##X@# #
. # #


#zhz# . . # #8 † #h2#X### . . .hhX3h## ## # . . #X##hX . .# # .G #5# # # # ## #
# . # You could see 3 starcursed masses, 2 tentacled starspawn, a lich, a green
death, a wretched star, a hell hog, an apocalypse crab, a large abomination, an
eye of draining, a naga mage, 3 raiju, a chaos spawn, 5 hell hounds, a small
abomination, 2 flying skulls and an ufetubus.

Vanquished Creatures
  Gloorx Vloq (Pan)
  A seraph (Pan)
  2 ancient liches
  4 juggernauts
  Mennas (Depths:4)
  Xtahua (Vaults:4)
  Saint Roka (Vaults:5)
  Margery (Vaults:4)
  Geryon (Hell)
  Nikola (Elf:2)
  2 golden dragons
  Arachne (Spider:2)
  2 bone dragons
  the Enchantress (Depths:3)
  A Tzitzimitl (Pan)
  Rupert (D:13)
  4 Ice Fiends (Pan)
  6 tentacled monstrosities
  4 Hell Sentinels (Pan)
  5 liches
  2 titans (Vaults:5)
  3 quicksilver dragons (Vaults:5)
  2 deep elf master archers (Elf:3)
  2 deep elf blademasters (Elf:3)
  An eldritch tentacle (Vaults:5)
  14 Executioners
  7 tentacled starspawn
  An ancient champion (Vaults:3)
  3 sphinxes
  A thorn hunter (Swamp:4)
  Gastronok (Orc:1)
  Kirke (Swamp:1)
  9 shadow dragons
  4 storm dragons
  10 fire giants
  Donald (Elf:1)
  Roxanne (Elf:1)
  6 daevas
  7 tengu reavers
  2 iron dragons
  4 pandemonium lords (Pan)
  7 deep elf sorcerers
  5 ghost moths
  9 frost giants
  2 corrupters (Pan)
  11 vault wardens
  A draconian shifter (Abyss:3)
  2 curse skulls (Pan)
  8 cacodemons
  2 warmongers (Pan)
  7 emperor scorpions
  22 angels (Pan)
  The ghost of P0WERM0DE the Severer, a journeyman DDFi of Cheibriados (Spider:4)
  18 ironheart preservers
  14 balrugs
  A draconian annihilator (Abyss:3)
  3 deep elf elementalists
  A draconian stormcaller (Abyss:3)
  Louise (Spider:2)
  23 reapers
  4 blood saints (Pan)
  6 spriggan defenders
  14 ophanim (Pan)
  4 entropy weavers
  A juggernaut skeleton (Depths:2)
  17 very ugly things
  The ghost of nubinia the Thaumaturge, a journeyman DsVM of Ashenzari (Swamp:1)
  A green draconian (Abyss:4)
  3 war gargoyles
  A black sun (Pan)
  A vampire knight (Depths:2)
  5 lorocyprocas (Pan)
  15 stone giants
  8 deep elf demonologists
  An apis (Pan)
  Azrael (Spider:1)
  9 deep elf annihilators
  10 spark wasps
  8 purple draconians (WizLab)
  Nessos (D:13)
  2 blizzard demons (Pan)
  12 deep elf death magi
  28 ettins
  2 eidola
  7 green deaths (Pan)
  A crystal guardian (Vaults:4)
  9 statues (WizLab)
  40 slime creatures
  14 yaktaur captains
  10 fire dragons
  3 jiangshi (Depths:1)
  2 deep elf high priests (Elf:3)
  Fannar (Lair:3)
  A kraken zombie (Hell)
  12 great orbs of eyes
  9 rakshasas
  4 monstrous demonspawn (Pan)
  30 vault guards
  16 hydras
  8 ice dragons
  5 spriggan air magi
  18 centaur warriors
  5 shambling mangroves
  3 ghost crabs (Swamp:4)
  4 catoblepae
  7 hell beasts (Pan)
  65 two-headed ogres
  15 alligators
  3 death knights
  21 ogre magi
  7 deep troll earth magi
  6 deep troll shamans
  A queen ant (Spider:1)
  3 tengu warriors
  3 titan zombies (Depths:3)
  8 spriggan berserkers
  16 death yaks
  28 dancing weapons
  7 hell hogs
  4 orc high priests (Orc:2)
  3 vampire magi
  21 thrashing horrors
  14 soul eaters
  An iron golem (Hell)
  8 sun demons
  5 iron trolls
  A storm dragon zombie (Vaults:5)
  29 deep elf knights
  14 hell knights
  8 wretched stars
  A shock serpent (shapeshifter) (Vaults:2)
  A salamander mystic (Depths:3)
  A golden dragon zombie (Vaults:5)
  9 sixfirhies
  An anaconda zombie (Hell)
  5 storm dragon skeletons
  12 shadow wraiths
  9 cherubim (Pan)
  11 skeletal warriors
  8 flayed ghosts
  A spatial maelstrom (Abyss:5)
  26 deep trolls
  9 spectral hydras
  5 infernal demonspawn (Pan)
  2 torturous demonspawn (Pan)
  2 spriggan druids
  2 death drakes (Depths:4)
  4 gelid demonspawn (Pan)
  2 shadow demons (Pan)
  A glowing orange brain (Vaults:3)
  6 unseen horrors
  4 swamp dragons
  4 wizards
  2 orange crystal statues (Depths:4)
  A golden dragon skeleton (Depths:2)
  A swamp dragon (shapeshifter) (Vaults:4)
  14 deep elf archers
  8 necromancers
  13 ironbrand convokers
  7 harpies
  2 harpies (shapeshifter)
  10 phantasmal warriors
  8 starcursed masses
  A tengu zombie (Depths:3)
  An iron dragon zombie (Hell)
  11 orc knights
  A tengu skeleton (Vaults:5)
  A frost giant zombie (Depths:3)
  23 orb spiders
  32 wolf spiders
  86 deep elf magi
  3 salamanders (Depths:3)
  3 orc sorcerers
  3 draconians (Abyss:3)
  An oklob plant (Orc:1)
  3 cyclopes
  2 manticores
  2 stone giant zombies
  5 worldbinders
  A moth of wrath (Spider:2)
  A shadow dragon skeleton (Pan)
  2 fauns (shapeshifter)
  35 ugly things
  A fire giant zombie (Vaults:3)
  A sphinx skeleton (Depths:3)
  5 black mambas
  A centaur zombie (D:13)
  A water nymph (shapeshifter) (Elf:3)
  A dire elephant zombie (Hell)
  5 ice statues
  3 guardian serpents (shapeshifter)
  9 rust devils
  16 vault sentinels
  8 elephants
  An apocalypse crab (Abyss:5)
  20 smoke demons
  2 black mambas (shapeshifter)
  2 molten gargoyles (Hell)
  3 human zombies
  2 torpor snails
  Psyche (D:8)
  11 orange demons
  An eye of devastation (Lair:5)
  18 spiny frogs
  A swamp worm zombie (Swamp:4)
  3 rime drakes
  10 komodo dragons
  74 yaktaurs
  A gargoyle (D:14)
  3 freezing wraiths
  6 tormentors (Pan)
  2 hellions (Pan)
  4 hydra zombies
  An anaconda simulacrum (Depths:4)
  4 spectral merfolk (Depths:4)
  29 demonic crawlers
  2 efreet
  9 ice devils
  8 tengu conjurers
  7 ancient zymes
  7 hellwings
  2 jumping spiders (shapeshifter) (Vaults:4)
  A spriggan skeleton (Depths:2)
  A yaktaur skeleton (Vaults:2)
  9 red devils (Pan)
  A queen bee (shapeshifter) (Vaults:1)
  38 jumping spiders
  7 trolls
  12 tyrant leeches
  A troll (shapeshifter) (Depths:4)
  4 polar bears (Lair:6)
  2 wind drakes (Abyss:5)
  A hornet (shapeshifter) (Vaults:3)
  2 hippogriffs (shapeshifter)
  10 blink frogs
  39 hornets
  A raiju (shapeshifter) (Vaults:4)
  A harpy skeleton (D:14)
  19 raiju
  9 bog bodies
  Prince Ribbit (D:9)
  2 hydra skeletons (Pan)
  9 hippogriffs
  A dream sheep (shapeshifter) (Depths:2)
  5 dream sheep (Lair:6)
  A spriggan zombie (Depths:3)
  67 redbacks
  6 alligator zombies (Swamp:4)
  2 spectral swamp dragons (Swamp:4)
  2 ettin skeletons
  6 flying skulls (Abyss:5)
  A frost giant simulacrum (Vaults:5)
  26 tarantellas
  Sigmund (D:2)
  5 shadows
  23 spriggans
  2 air elementals (Elf:3)
  A redback (shapeshifter) (Vaults:5)
  4 wraiths
  6 vampires
  12 fire bats
  4 water elementals
  13 ynoxinuls
  13 fire elementals
  A golden eye (shapeshifter) (Vaults:4)
  4 hogs (Swamp:1)
  3 wyverns
  A human (shapeshifter) (Depths:3)
  4 hungry ghosts
  A steam dragon (Lair:3)
  40 yaks
  5 golden eyes (Abyss:5)
  4 basilisks
  23 large abominations
  7 vampire mosquitoes
  16 chaos spawn
  9 neqoxecs
  Menkaure (D:7)
  2 spatial vortices (Abyss:5)
  11 wargs
  A naga (shapeshifter) (Vaults:5)
  23 insubstantial wisps
  19 swamp worms
  3 spiny frog zombies (Hell)
  A floating eye (Depths:4)
  28 soldier ants
  An acid dragon (Vaults:2)
  12 hell hounds
  12 water moccasins
  6 porcupines
  2 spectral spriggans (Depths:4)
  A spiny frog skeleton (Hell)
  2 spectral trolls (Depths:4)
  13 ice beasts
  6 swamp drakes
  An elf zombie (Vaults:5)
  39 orc warriors
  9 phantoms
  2 necrophages
  A sky beast (D:6)
  6 swamp dragon zombies (Swamp:4)
  4 eyes of draining
  15 boggarts
  A tengu (shapeshifter) (Depths:1)
  15 centaurs
  An eye of draining (shapeshifter) (D:15)
  6 black bears
  41 ogres
  A human skeleton (Vaults:2)
  A centaur (shapeshifter) (Depths:3)
  29 wolves
  10 crocodiles
  4 big kobolds
  Blork the orc (D:5)
  An earth elemental (Elf:1)
  A glowing shapeshifter simulacrum (Vaults:2)
  10 small abominations
  18 bullfrogs
  2 merfolk simulacra (Depths:4)
  A spiny frog simulacrum (Hell)
  3 scorpions (Spider:3)
  2 human simulacra
  11 killer bees
  5 spectral ogres (Depths:4)
  2 vampire bats (Abyss:5)
  12 wights
  3 spectral centaurs (Depths:4)
  8 howler monkeys
  13 crimson imps
  A bullfrog zombie (D:10)
  7 lava snakes (Volcano)
  5 draconian simulacra (IceCv)
  8 hounds
  4 quasits
  34 orc priests
  3 jellies
  5 iron imps
  2 bullfrog skeletons
  33 orc wizards
  4 centaur skeletons
  2 iguanas
  A spectral swamp drake (Swamp:4)
  23 worker ants
  2 spriggan simulacra
  A troll simulacrum (Depths:4)
  A centaur simulacrum (IceCv)
  4 hound skeletons
  7 gnolls
  6 adders
  3 naga simulacra (IceCv)
  7 shadow imps
  3 white imps
  2 ufetubi
  2 oozes
  4 worms
  An adder skeleton (D:6)
  2 dart slugs
  5 leopard geckos
  86 orcs
  9 giant cockroaches
  10 hobgoblins
  7 jackals
  18 kobolds
  6 quokkas
  4 bats
  7 frilled lizards
  8 goblins
  A leopard gecko skeleton (D:6)
  A leopard gecko zombie (D:6)
  12 rats
  A butterfly (Abyss:5)
  2 crawling corpses (Elf:3)
  2 lurking horrors
  5 starspawn tentacles
  2 tentacles (Hell)
2885 creatures vanquished.

Vanquished Creatures (collateral kills)
  An ice dragon (Depths:3)
  Erolcha (D:10)
  An orc warrior (D:10)
  2 orc priests (D:10)
  6 orcs (D:10)
11 creatures vanquished.

Vanquished Creatures (others)
  A tengu reaver (Vaults:5)
  A ghost moth (Spider:4)
  A thrashing horror (Abyss:5)
  An unseen horror (Vaults:1)
  A deep troll (Vaults:5)
  A deep elf mage (Vaults:2)
  2 spriggans (Swamp:1)
  A redback (Spider:4)
  A hog (Swamp:1)
  2 small abominations (Abyss:5)
  2 jellies
  An orc (Vaults:3)
  A kobold (D:11)
  14 fungi
  11 plants
  21 starspawn tentacles
  4 tentacles (Hell)
  4 toadstools (D:7)
70 creatures vanquished.

Grand Total: 2966 creatures vanquished

Notes
Turn   | Place    | Note
-------+----------+-------------------------------------------
     0 | D:1      | Morenatsu the Minotaur Berserker began the quest for the
                  | Orb.
     0 | D:1      | Reached XP level 1. HP: 19/19 MP: 0/0
   157 | D:1      | Reached XP level 2. HP: 17/26 MP: 1/1
   628 | D:2      | Reached skill level 5 in Long Blades
   628 | D:2      | Reached XP level 3. HP: 21/31 MP: 2/2
   829 | D:2      | Noticed Sigmund
   841 | D:2      | HP: 2/46 [Sigmund/+0 scythe (7)]
   843 | D:2      | Killed Sigmund
   843 | D:2      | Reached ** piety under Trog
   843 | D:2      | Reached XP level 4. HP: 1/39 MP: 3/3
   843 | D:2      | Reached XP level 5. HP: 1/45 MP: 4/4
   854 | D:2      | HP: 2/45 [frilled lizard (1)]
  1784 | D:2      | Found a shadowy altar of Dithmenos.
  2425 | D:3      | Reached XP level 6. HP: 51/51 MP: 5/5
  3119 | D:4      | Found a sparkling altar of Nemelex Xobeh.
  3124 | D:4      | Reached *** piety under Trog
  3133 | D:4      | Found a hide-covered altar of Uskayaw.
  3199 | D:4      | Found Benlora's Book Boutique.
  3661 | D:5      | Entered Level 5 of the Dungeon
  3661 | D:5      | Noticed an orc warrior
  3902 | D:5      | Reached XP level 7. HP: 57/57 MP: 6/6
  4036 | D:5      | Reached skill level 10 in Long Blades
  4326 | D:5      | Reached XP level 8. HP: 52/64 MP: 7/7
  4916 | D:5      | Noticed Blork the orc
  4922 | D:5      | Killed Blork the orc
  5884 | D:6      | Found Bis Buz's Antique Weapon Emporium.
  5892 | D:6      | Bought a glowing long sword for 130 gold pieces
  5904 | D:6      | Reached **** piety under Trog
  6066 | D:6      | Reached XP level 9. HP: 27/70 MP: 8/8
  6556 | D:6      | HP: 4/105 [orc warrior/+0 short sword of electrocution
                  | (11)]
  7104 | D:7      | Gained mutation: You are partially covered in thin metallic
                  | scales. (AC +2) [potion of mutation]
  7104 | D:7      | Gained mutation: Your flesh is cold resistant. (rC+)
                  | [potion of mutation]
  7104 | D:7      | Gained mutation: You are agile. (Dex +2) [potion of
                  | mutation]
  7137 | D:7      | Reached skill level 5 in Armour
  7231 | D:7      | Noticed Menkaure
  7244 | D:7      | Killed Menkaure
  7877 | D:7      | Found a staircase to the Ecumenical Temple.
  7943 | D:7      | Found a sacrificial altar of Ru.
  8382 | D:8      | Noticed Psyche
  8394 | D:8      | Killed Psyche
  8394 | D:8      | Reached ***** piety under Trog
  8574 | D:8      | Reached skill level 10 in Armour
  8574 | D:8      | Reached XP level 10. HP: 77/77 MP: 9/9
  9119 | D:9      | Found Garphi's Food Shop.
  9124 | D:9      | Bought a ration for 50 gold pieces
  9195 | D:9      | Found a staircase to the Lair.
  9224 | D:9      | Noticed Prince Ribbit
  9231 | D:9      | Killed Prince Ribbit
  9646 | D:9      | Found an iron altar of Okawaru.
  9703 | D:10     | Entered Level 10 of the Dungeon
  9708 | D:10     | Noticed Erolcha
  9906 | D:10     | Found Wypapor's Jewellery Emporium.
 10006 | D:10     | Found a roughly hewn altar of Beogh.
 10006 | D:10     | Found a staircase to the Orcish Mines.
 10025 | D:10     | Killed Erolcha
 10693 | D:10     | Identified a scroll of acquirement
 10830 | D:11     | Noticed a two-headed ogre
 10839 | D:11     | Killed a two-headed ogre
 10839 | D:11     | Reached skill level 5 in Fighting
 11047 | D:11     | Received a gift from Trog
 11445 | D:11     | Reached XP level 11. HP: 58/91 MP: 10/10
 12070 | D:11     | Noticed a two-headed ogre
 12078 | D:11     | Killed a two-headed ogre
 12290 | D:12     | Noticed a white ugly thing
 12349 | D:12     | Killed a white ugly thing
 12488 | D:12     | Reached skill level 10 in Fighting
 12970 | Lair:1   | Entered Level 1 of the Lair of Beasts
 13266 | Lair:1   | Noticed a six-headed hydra
 13278 | Lair:1   | Killed a nine-headed hydra
 13601 | Lair:1   | Noticed an eight-headed hydra
 13609 | Lair:1   | Killed a 13-headed hydra
 14387 | Lair:2   | Found a frozen archway.
 14426 | IceCv    | Entered an ice cave
 14513 | IceCv    | Reached XP level 12. HP: 93/114 MP: 11/11
 15934 | Lair:2   | Reached skill level 15 in Fighting
 16173 | Lair:2   | Got a pitted ivory amulet
 16175 | Lair:2   | Identified the amulet "Yniahing" {Spirit +Blink Str+2} (You
                  | acquired it on level 2 of the Lair of Beasts)
 16187 | Lair:2   | Identified a +1 pair of boots of running (You acquired it
                  | on level 2 of the Lair of Beasts)
 16715 | Lair:3   | Reached ****** piety under Trog
 16721 | Lair:3   | Noticed Fannar
 16779 | Lair:3   | You fall through a shaft for 2 floors!
 16845 | Lair:4   | Noticed a six-headed hydra
 16858 | Lair:4   | Killed a ten-headed hydra
 17185 | Lair:3   | Killed Fannar
 17369 | Lair:3   | Noticed a five-headed hydra
 17379 | Lair:3   | Killed a nine-headed hydra
 17661 | Lair:3   | Noticed an eight-headed hydra
 17667 | Lair:3   | Killed a nine-headed hydra
 17667 | Lair:3   | Received a gift from Trog
 18003 | Lair:3   | Found a staircase to the Swamp.
 18060 | Lair:3   | Noticed a seven-headed hydra
 18068 | Lair:3   | Killed a ten-headed hydra
 18068 | Lair:3   | Reached XP level 13. HP: 132/132 MP: 9/12
 18799 | Lair:4   | Found a hole to the Spider Nest.
 20716 | Lair:5   | HP: 8/205 [death yak (12)]
 20717 | Lair:5   | Reached skill level 5 in Dodging
 21176 | Lair:5   | Found a staircase to the Slime Pits.
 21872 | Lair:6   | Entered Level 6 of the Lair of Beasts
 22053 | Lair:6   | Reached XP level 14. HP: 145/145 MP: 10/13
 22818 | Lair:6   | Received a gift from Trog
 22841 | Lair:6   | Reached skill level 15 in Long Blades
 23927 | Orc:1    | Entered Level 1 of the Orcish Mines
 24100 | Orc:1    | Noticed Gastronok
 24110 | Orc:1    | Killed Gastronok
 24464 | Orc:2    | Entered Level 2 of the Orcish Mines
 24567 | Orc:2    | Received a gift from Trog
 24907 | Orc:2    | Found a dark tunnel.
 24916 | Volcano  | Entered a volcano
 25577 | Orc:2    | Found Zedd's Antique Weapon Boutique.
 25577 | Orc:2    | Found Neofoz's Magic Scroll Shop.
 25645 | Orc:2    | Found Teduck's Weapon Shop.
 25651 | Orc:2    | Found Ewnidd's Armour Boutique.
 25663 | Orc:2    | Bought a scroll of magic mapping for 49 gold pieces
 25663 | Orc:2    | Bought a scroll of magic mapping for 49 gold pieces
 25762 | Orc:2    | Received a gift from Trog
 26042 | Orc:2    | Found a staircase to the Elven Halls.
 26797 | D:13     | Noticed Rupert
 26803 | D:13     | Killed Rupert
 26803 | D:13     | Reached XP level 15. HP: 143/151 MP: 11/14
 26838 | D:13     | Noticed Nessos
 26852 | D:13     | Killed Nessos
 27582 | D:13     | Received a gift from Trog
 28112 | D:14     | Got a bound golden ring
 28114 | D:14     | Identified the ring "Xiecoem" {Ice rN++ Str+3 Dex-2 Stlth+}
                  | (You found it on level 14 of the Dungeon)
 28550 | D:14     | Found a gate to the Vaults.
 28848 | D:15     | Entered Level 15 of the Dungeon
 29078 | D:15     | Received a gift from Trog
 29275 | D:15     | Found a staircase to the Depths.
 29276 | D:15     | Noticed a frost giant
 29287 | D:15     | Killed a frost giant
 29860 | Swamp:1  | Entered Level 1 of the Swamp
 30267 | Swamp:1  | Found a runed gate.
 30267 | Swamp:1  | Found a runed gate.
 30267 | Swamp:1  | Found a runed gate.
 30275 | Swamp:1  | Noticed nubinia's ghost (journeyman DsVM)
 30305 | Swamp:1  | Killed nubinia's ghost
 30305 | Swamp:1  | Reached skill level 15 in Armour
 30356 | Swamp:1  | Found the +10 large shield of Ignorance {rN+ Int-4}
 30363 | Swamp:1  | Noticed Kirke
 30379 | Swamp:1  | Reached XP level 16. HP: 156/160 MP: 5/15
 30388 | Swamp:1  | Killed Kirke
 30451 | Swamp:1  | Received a gift from Trog
 30452 | Swamp:1  | Got a bloodstained great sword {god gift}
 30453 | Swamp:1  | Identified the +3 great sword "Jozud" {flame, rPois rC+}
                  | (Trog gifted it to you on level 1 of the Swamp)
 31949 | Swamp:2  | Identified the Reference Book on Unholy Combat Magic
 32803 | Swamp:4  | Entered Level 4 of the Swamp
 32816 | Swamp:4  | Noticed a thorn hunter
 32832 | Swamp:4  | Killed a thorn hunter
 33207 | Swamp:4  | Got a jewelled hat
 33218 | Swamp:4  | Identified the +4 hat "Gonuki" {Regen+ Dex+3 Slay+5} (You
                  | acquired it on level 4 of the Swamp)
 33307 | Swamp:4  | Paralysed by a hornet for 1 turns
 34096 | Swamp:4  | Noticed a bone dragon
 34109 | Swamp:4  | Killed a bone dragon
 34109 | Swamp:4  | Received a gift from Trog
 34292 | Swamp:4  | Received a gift from Trog
 34536 | Swamp:4  | Got a decaying rune of Zot
 34693 | Spider:1 | Entered Level 1 of the Spider Nest
 34728 | Spider:1 | Reached XP level 17. HP: 148/169 MP: 14/16
 34956 | Spider:1 | Received a gift from Trog
 34958 | Spider:1 | Got a smoking great sword {god gift}
 35017 | Spider:1 | Identified the +5 great sword of Cioront {slice, -Tele
                  | *Drain Int+10 Dex+8} (Trog gifted it to you on level 1 of
                  | the Spider Nest)
 35075 | Spider:1 | Noticed Azrael
 35093 | Spider:1 | Killed Azrael
 35674 | Spider:1 | Found the +2 ratskin cloak {+Rats rPois rN+ Str-1 Int-1
                  | Dex+1}
 35968 | Spider:2 | Noticed Arachne
 36034 | Spider:2 | Killed Arachne
 36664 | Spider:2 | Received a gift from Trog
 36758 | Spider:2 | Noticed Louise
 36766 | Spider:2 | Cast into level 3 of the Abyss (Louise)
 37274 | Abyss:3  | Gained mutation: [You are frail. (-10% HP)] [a neqoxec]
 37277 | Abyss:3  | Gained mutation: [Your magical capacity is low. (-10% MP)]
                  | [a neqoxec]
 37340 | Spider:2 | Escaped the Abyss
 37348 | Spider:2 | Killed Louise
 38341 | Spider:3 | Received a gift from Trog
 38480 | Spider:3 | Reached XP level 18. HP: 153/160 MP: 15/15
 38581 | Spider:3 | Reached skill level 10 in Dodging
 39095 | Spider:4 | Entered Level 4 of the Spider Nest
 39346 | Spider:4 | Found a runed gate.
 39346 | Spider:4 | Found a runed gate.
 39346 | Spider:4 | Found a runed gate.
 39346 | Spider:4 | Noticed P0WERM0DE's ghost (journeyman DDFi)
 39357 | Spider:4 | Killed P0WERM0DE's ghost
 39784 | Spider:4 | Received a gift from Trog
 40229 | Spider:4 | Got a gossamer rune of Zot
 40665 | Elf:1    | Entered Level 1 of the Elven Halls
 40898 | Elf:1    | Identified Roxanne's Compendium of the Mountains
 40898 | Elf:1    | Noticed Roxanne
 40908 | Elf:1    | Killed Roxanne
 41024 | Elf:1    | Received a gift from Trog
 41047 | Elf:1    | Found Loru's Armour Emporium.
 41336 | Elf:1    | Identified the Tome of Battle Magic
 41351 | Elf:1    | Noticed Donald
 41361 | Elf:1    | Killed Donald
 41830 | Elf:2    | Noticed Nikola
 41842 | Elf:2    | Killed Nikola
 41842 | Elf:2    | Reached skill level 15 in Dodging
 42065 | Elf:2    | Reached XP level 19. HP: 166/166 MP: 5/16
 42300 | Elf:2    | Received a gift from Trog
 42563 | Elf:2    | Found a runed gate.
 42569 | Elf:2    | Found a runed gate.
 42569 | Elf:2    | Found a runed gate.
 42986 | Elf:2    | Cast into level 4 of the Abyss (+0 glaive of distortion)
 43132 | Abyss:4  | Received a gift from Trog
 43140 | Elf:2    | Escaped the Abyss
 43261 | Elf:3    | Entered Level 3 of the Elven Halls
 43261 | Elf:3    | Found Makoumm's Antique Armour Shop.
 43401 | Elf:3    | Found a runed door.
 43599 | Elf:3    | Found a magical portal.
 43612 | WizLab   | Entered Iskenderun's Mystic Tower
 44573 | WizLab   | Received a gift from Trog
 44669 | WizLab   | Identified the Handbook of Cold and Combat Magic
 44710 | WizLab   | Identified Iskenderun's Almanac of Attacks
 44710 | WizLab   | Identified Iskenderun's Grimoire of Battle Magic
 46502 | Elf:3    | Reached XP level 20. HP: 173/173 MP: 5/17
 46641 | Elf:3    | Identified the cursed +1 leather armour of Minor Irritation
                  | {rF+ Int+4}
 46917 | Elf:3    | Identified the amulet "Gatest" {Harm *Drain Stlth+} (You
                  | found it on level 3 of the Elven Halls)
 47033 | Elf:3    | Received a gift from Trog
 47201 | Elf:3    | Found Salappaw's Book Shoppe.
 47657 | Depths:1 | Entered Level 1 of the Depths
 47724 | Depths:1 | Found Fefa's Book Boutique.
 47906 | Depths:1 | Noticed a juggernaut
 47919 | Depths:1 | Killed a juggernaut
 48192 | Depths:1 | Received a gift from Trog
 48254 | Depths:1 | Found a gateway to Hell.
 48522 | Depths:1 | Received a gift from Trog
 48899 | Vaults:1 | Entered Level 1 of the Vaults
 49183 | Vaults:1 | Reached XP level 21. HP: 185/194 MP: 17/17
 49693 | Vaults:1 | Received a gift from Trog
 49870 | Vaults:1 | Found Fydos's Antique Armour Shoppe.
 49882 | Vaults:1 | Bought a glowing crystal plate armour for 1494 gold pieces
 50173 | Vaults:2 | Found Talufecei's Weapon Boutique.
 50231 | Vaults:2 | Received a gift from Trog
 50288 | Vaults:2 | Paralysed by a sphinx for 7 turns
 51151 | Vaults:2 | Received a gift from Trog
 51154 | Vaults:2 | Got a steaming great sword {god gift}
 51156 | Vaults:2 | Identified the +9 great sword of the Moon {slice, rF+ MR+}
                  | (Trog gifted it to you on level 2 of the Vaults)
 51814 | Vaults:3 | Reached XP level 22. HP: 205/205 MP: 18/18
 51970 | Vaults:3 | Received a gift from Trog
 52153 | Vaults:3 | Found a staircase to the Crypt.
 52492 | Vaults:3 | Identified the cursed +0 plate armour of the Voivode {Str+3
                  | Stlth+}
 53125 | Vaults:4 | Received a gift from Trog
 53508 | Vaults:4 | Noticed Margery
 53509 | Vaults:4 | Reached skill level 27 in Fighting
 53525 | Vaults:4 | Killed Margery
 53542 | Vaults:4 | Received a gift from Trog
 53612 | Vaults:4 | Found a gateway to a bazaar.
 53618 | Bazaar   | Entered a bazaar
 53628 | Bazaar   | Found Guece Deg's Gadget Boutique.
 53638 | Bazaar   | Found Luclufy's Gadget Emporium.
 53646 | Bazaar   | Found Puulivvi's Assorted Antiques.
 53648 | Bazaar   | Found Atip's Magic Scroll Boutique.
 53654 | Bazaar   | Bought a scroll labeled YNLUUNTOKA for 34 gold pieces
 53663 | Bazaar   | Bought a scroll of identify for 30 gold pieces
 53663 | Bazaar   | Bought 2 scrolls of identify for 60 gold pieces
 53663 | Bazaar   | Bought a scroll of blinking for 112 gold pieces
 53837 | Vaults:4 | Noticed Xtahua
 53843 | Vaults:4 | Killed Xtahua
 54645 | Vaults:5 | Entered Level 5 of the Vaults
 54754 | Vaults:4 | Reached XP level 23. HP: 196/216 MP: 17/19
 54763 | Vaults:4 | Reached skill level 27 in Long Blades
 54915 | Vaults:5 | Received a gift from Trog
 55351 | Vaults:5 | Noticed Saint Roka
 55365 | Vaults:5 | Killed Saint Roka
 55382 | Vaults:5 | Received a gift from Trog
 55693 | Vaults:5 | Received a gift from Trog
 56036 | Vaults:5 | Reached XP level 24. HP: 224/224 MP: 19/19
 56358 | Vaults:5 | Got a silver rune of Zot
 56821 | Depths:2 | Found a one-way gate leading to the halls of Pandemonium.
 56830 | Depths:2 | Received a gift from Trog
 57030 | Depths:2 | Found a gateway to a ziggurat.
 57084 | Hell     | Entered the Vestibule of Hell
 57084 | Hell     | Noticed Geryon
 57159 | Hell     | Killed Geryon
 57271 | Hell     | Found a gateway to the ashen valley of Gehenna.
 57277 | Hell     | Gained mutation: You are partially covered in slimy green
                  | scales. (AC +2) [a cacodemon]
 57279 | Hell     | Reached skill level 27 in Armour
 57411 | Hell     | Received a gift from Trog
 57413 | Hell     | Found a gateway to the Iron City of Dis.
 57535 | Hell     | Found a gateway to the freezing wastes of Cocytus.
 57650 | Hell     | Found a gateway to the decaying netherworld of Tartarus.
 57845 | Depths:2 | Noticed a juggernaut
 57857 | Depths:2 | Killed a juggernaut
 58208 | Depths:2 | Received a gift from Trog
 58554 | Depths:3 | Reached XP level 25. HP: 231/231 MP: 19/19
 58586 | Depths:3 | Noticed a juggernaut
 58607 | Depths:3 | Killed a juggernaut
 58959 | Depths:3 | Identified the +6 faerie dragon scales {rElec rF- MR+ rCorr
                  | Int+5}
 58959 | Depths:3 | Noticed the Enchantress
 58969 | Depths:3 | Received a gift from Trog
 58971 | Depths:3 | Killed the Enchantress
 59094 | Depths:3 | Noticed a juggernaut
 59115 | Depths:3 | Killed a juggernaut
 59226 | Depths:3 | Found the +7 Singing Sword {slice, sonic wave}
 60006 | Depths:3 | Reached skill level 1 in Shields
 60130 | Depths:3 | Reached skill level 5 in Shields
 60641 | Depths:3 | Found a corrupted altar of Lugonu.
 60642 | Depths:3 | Found a one-way gate to the infinite horrors of the Abyss.
 60925 | Depths:4 | Noticed Mennas
 60947 | Depths:4 | Killed Mennas
 60977 | Depths:4 | Received a gift from Trog
 61095 | Depths:4 | Reached skill level 10 in Shields
 61478 | Depths:4 | Reached XP level 26. HP: 239/239 MP: 19/19
 61617 | Depths:4 | Received a gift from Trog
 61713 | Depths:4 | Paralysed by a floating eye for 4 turns
 61731 | Depths:4 | Paralysed by a floating eye for 2 turns
 61736 | Depths:4 | Paralysed by a floating eye for 4 turns
 61741 | Depths:4 | Paralysed by a floating eye for 4 turns
 61749 | Depths:4 | Paralysed by a floating eye for 2 turns
 62033 | Depths:4 | Reached XP level 27. HP: 242/242 MP: 16/19
 62227 | Depths:4 | Noticed an ancient lich
 62244 | Depths:4 | Killed an ancient lich
 62625 | Pan      | Entered Pandemonium
 62845 | Pan      | Noticed Ufis the pandemonium lord
 62854 | Pan      | Killed Ufis the pandemonium lord
 62862 | Pan      | Reached skill level 15 in Shields
 64063 | Pan      | Received a gift from Trog
 64199 | Pan      | Noticed Neev the pandemonium lord
 64224 | Pan      | Killed Neev the pandemonium lord
 64242 | Pan      | Gained mutation: [Your spells are a little easier to cast,
                  | but a little less powerful.] [a cacodemon]
 64245 | Pan      | Gained mutation: You are weak. (Str -2) [a cacodemon]
 64248 | Pan      | Gained mutation: [Scrolls take you a little longer to
                  | read.] [a cacodemon]
 64252 | Pan      | Gained mutation: [Your spells are easier to cast, but less
                  | powerful.] [a cacodemon]
 64431 | Pan      | Got a demonic rune of Zot
 64434 | Pan      | Got a bound turquoise ring
 64437 | Pan      | Identified the cursed ring of Spontaneous Combustion {Str+2
                  | Int-2 SInv} (You found it in Pandemonium)
 64552 | Pan      | Noticed Garghing the pandemonium lord
 64554 | Pan      | Gained mutation: You tend to lose your temper in combat. [a
                  | neqoxec]
 64560 | Pan      | Killed Garghing the pandemonium lord
 64806 | Pan      | Paralysed by accursed screaming for 1 turns
 65218 | Pan      | Noticed Haudebie the pandemonium lord
 65220 | Pan      | Received a gift from Trog
 65231 | Pan      | Killed Haudebie the pandemonium lord
 65780 | Pan      | Identified the cursed ring of Janoitokh {+Fly rPois rF+
                  | Int+2 Dex-2}
 65780 | Pan      | Noticed a seraph
 65793 | Pan      | Killed a seraph
 65797 | Pan      | Found a glowing golden altar of the Shining One.
 65853 | Pan      | Identified the Handbook of Malediction and Flames
 65863 | Pan      | Identified the Guide on Excruciating Translocation
 65872 | Pan      | Identified the +1 falchion "Tattletale" {flame, rPois rF++
                  | Str+4} (You found it in Pandemonium)
 65875 | Pan      | Identified the Guide on Sinister Arts
 66542 | Pan      | Received a gift from Trog
 66983 | Pan      | Entered the realm of Gloorx Vloq.
 66987 | Pan      | Found an exit through the horrors of the Abyss.
 67684 | Pan      | Noticed Gloorx Vloq
 67695 | Pan      | Killed Gloorx Vloq
 67807 | Pan      | Got a dark rune of Zot
 67999 | Pan      | Received a gift from Trog
 68049 | Pan      | Found an exit through the horrors of the Abyss.
 68091 | Pan      | Took an exit into the Abyss.
 68091 | Abyss:1  | Escaped into the Abyss
 68308 | Abyss:3  | Noticed an ancient lich
 68315 | Abyss:3  | Killed an ancient lich
 68493 | Abyss:5  | Entered Level 5 of the Abyss
 68632 | Abyss:5  | Gained mutation: You often lose your temper in combat. [a
                  | cacodemon]
 68828 | Abyss:5  | Gained mutation: You are very weak. (Str -4) [a neqoxec]
 68829 | Abyss:5  | Gained mutation: Armour fits poorly on your strangely
                  | shaped body. [a neqoxec]
 69005 | Abyss:5  | Gained mutation: [Your body sometimes deteriorates upon
                  | taking damage.] [a neqoxec]
 69012 | Abyss:5  | Received a gift from Trog
 69029 | Abyss:5  | Identified the +6 scimitar "Pijui" {vamp, rN+} (Trog gifted
                  | it to you on level 5 of the Abyss)
 69113 | Abyss:5  | Lost intelligence.
 69172 | Abyss:5  | HP: 6/191 [naga mage/bolt of poison (18)]
 69173 | Abyss:5  | Lost intelligence.
 69173 | Abyss:5  | Killed from afar by a starcursed mass

Vault maps used:
D:1:      minmay_arrival_stone_box, serial_bayou_lagoon_a
D:2:      minmay_chambers_of_ones, nicolae_overflow_hidden_temple,
          marbit_many_paths, first_ration, uniq_sigmund
D:3:      wander_ebering_terrifying_dragon_lair
D:4:      overflow_temple_1_default, nemelex_xobeh_ov_fountains_minmay,
          serial_shops, nicolae_shop_crystal
D:5:      uniq_blork_the_orc
D:6:      serial_shops, nicolae_shop_stone
D:7:      nicolae_ru_sacrificial_ziggurat, minmay_temple_entry_enclosed_plants,
          grunt_ogre_cave, minmay_gold_behind_fungi, uniq_menkaure
D:8:      serial_glass, glass_columns_a, glass_columns_a, due_unseen_surprise,
          item_on_display_a, item_on_display_a, minmay_strange_pillars,
          grunt_tough_drop, uniq_psyche
D:9:      kennysheep_mini, grunt_lair_entry_orc_guard_hut, serial_shops, shop,
          uniq_prince_ribbit1
D:10:     david_orc_5, minmay_shop_enchanted_jewellery, corner_web_ring,
          uniq_erolcha
D:13:     uniq_nessos, uniq_rupert
D:14:     skrybe_vaults_entry_preservation, minmay_misc_feat_rugged
D:15:     grunt_enter_depths_snipers, minmay_misc_feat_rows
Lair:2:   portal_ice_cave_entry_ice_beasts
Lair:3:   palyth_hydra_swamp_entry, minmay_stone_trees_small,
          lemuel_fruit_fields, lemuel_fruit_fields, uniq_fannar
Lair:4:   nicolae_spider_entry_tight_spaces, serial_rivers,
          chequers_serial_rivers_micro_d, chequers_serial_rivers_large_b,
          chequers_serial_rivers_micro_e, chequers_serial_rivers_marsh,
          chequers_serial_rivers_marsh, minivault_26, st_stairs_6,
          serial_bayou_pond_a
Lair:5:   minmay_slime_entry_eyes, grunt_megastairs_5, infiniplex_staircase_pool
Lair:6:   minmay_lair_end_enchanted_forest, grunt_megastairs_3
Swamp:1:  ebering_ghost_rock_garden, hangedman_swamp_blocks, swamp_pool1,
          infiniplex_staircase_pool_2, uniq_kirke
Swamp:2:  evilmike_swamp_ruin_rubble_2, swamp_pool3
Swamp:3:  evilmike_swamp_ruin_house_4
Swamp:4:  swamp_pestilence, swamp_pool4
Spider:1: minivault_29, uniq_azrael
Spider:2: uniq_arachne, uniq_louise
Spider:3: nicolae_spider_corner
Spider:4: spider_rune_water, ebering_ghost_rock_garden
Orc:1:    mines3_lemuel, uniq_gastronok
Orc:2:    st_orc_mages, lightli_volcano_entry_magma_tube
Elf:1:    minmay_elf_arrival_circle, serial_shops, shop, serial_glass,
          glass_columns_a, glass_columns_b, minmay_elf_annihilation,
          uniq_roxanne, uniq_donald
Elf:2:    uniq_nikola
Elf:3:    elf_hall, infiniplex_enter_wizlab_water, serial_shops,
          nicolae_shop_overgrown_old_shop, shop, minivault_13
Vaults:1: v_misc_26, ontoclasm_vaults_idyll,
          vaults_standard_mumra_enter_the_diamond, v_misc_16,
          hangedman_vaults_stagger, nicolae_vaults_know_your_exits,
          vaults_room_grunt_arrival_ludios, vaults_room_mumra_shop_pool,
          v_misc_11
Vaults:2: v_misc_26, ontoclasm_vaults_fire_temple, v_misc_33, vaults_mumra_lcd,
          hangedman_vaults_capsules, hangedman_vaults_nails, serial_ice_b,
          serial_shops, nicolae_shop_behind_doors
Vaults:3: v_misc_29, v_pattern_5, grunt_vaults_diagonal, v_alt_pattern_6,
          minmay_crypt_entry_simple_statues, ontoclasm_vaults_tryst,
          vaults_room_octagon, nicolae_vaults_ring_of_whatevers,
          ontoclasm_vaults_ligature, nicolae_vaults_minivaults, v_misc_2,
          ontoclasm_vaults_ring_small, grunt_vaults_hallway_long
Vaults:4: hangedman_vaults_corner, nicolae_vaults_network_quinsquares,
          vaults_mumra_hex, nicolae_vaults_network_square, vaults_mumra_chevron,
          hangedman_vaults_hat, v_pattern_1, v_misc_16,
          nicolae_vaults_ring_of_whatevers, vaults_room_hallway,
          vaults_room_semicircle, nicolae_vaults_rhombus_7,
          nicolae_vaults_little_squares_4, st_lines, serial_shops, statue_bzr,
          uniq_margery, uniq_xtahua
Vaults:5: uniq_saint_roka
Depths:1: grunt_decor_arrowhead, hell_entry, serial_shops, shop,
          lightli_fourway_metalbox, kennysheep_random_hallway
Depths:2: minmay_octo_star, enter_ziggurat_f, hell_entry, pan_entry
Depths:3: giant_chief_lemuel, minmay_misc_feat_nine_boxes, hell_entry,
          grunt_pan_entry_in_and_out, abyss_entry_flame_altar,
          minmay_alternating_orb, minmay_staircase_bubble, uniq_enchantress
Depths:4: lemuel_river_lethe, abyss_entry, hell_entry, uniq_mennas
Abyss:3:  hangedman_abyss_exit_choices, evilmike_abyss_exit_16,
          bh_abyss_xom_lugonu_altar, grunt_abyss_rune_forest_and_sorcery
Abyss:4:  hangedman_decor_points, doesnt_abyss_rune_brain_food,
          hangedman_abyss_or_decor_lesser_grid, hangedman_abyss_feature_spike,
          evilmike_abyss_exit_12, minivault_5,
          evilmike_abyss_rune_elephants_shrine, bh_abyss_exit_spiral
Abyss:5:  bh_abyss_exit_spiral, evilmike_abyss_exit_smiterflies,
          nicolae_abyss_rune_left_handed, evilmike_abyss_exit_15, minivault_1,
          kilobyte_mutagenic_chamber
Pan:      grunt_pan_pentagram, pan_blood_fountain, evilmike_mini_pan_corridor,
          lemuel_hall_of_pain, special_room, evilmike_mini_pan_pillars_b,
          evilmike_mini_pan_pillars_b, evilmike_mini_pan_corridor,
          pan_blood_fountain, evilmike_holy_pan, gloorx_vloq_grunt,
          pan_blood_fountain_small, pan_blood_fountain_2,
          evilmike_mini_pan_other_thingy, evilmike_mini_pan_branches,
          special_room
Bazaar:   bazaar_kb_twisted_cavern
IceCv:    ice_cave_tombish
Volcano:  volcano_lake
WizLab:   wizlab_iskenderun

Skill      XL: |  1  2  3  4  5  6  7  8  9 10 11 12 13 14 15 16 17 18 19 20 21 22 23 24 25 26 27 |
---------------+----------------------------------------------------------------------------------+-----
Long Blades    | 4 5 7 8 9 11 13 14 18 20 23 25 26 27 | 27.0
Armour         | 3 10 12 15 18 21 25 27 | 27.0
Fighting       | 7 13 17 19 20 24 25 27 | 27.0
Dodging        | 8 9 15 18 20 | 20.5
Shields        | 12 13 26 | 26.7

Action                   |  1- 3 |  4- 6 |  7- 9 | 10-12 | 13-15 | 16-18 | 19-21 | 22-24 | 25-27 || total
-------------------------+-------+-------+-------+-------+-------+-------+-------+-------+-------++-------
Melee: Falchion          |    49 |   145 |   167 |   193 |    73 |       |       |       |       ||   627
       Headbutt          |     6 |    29 |    96 |   162 |   353 |   376 |   413 |   487 |   665 ||  2587
       Unarmed           |       |       |   235 |       |       |       |       |       |       ||   235
       Triple sword      |       |       |       |    39 |   229 |   524 |   874 |       |       ||  1666
       Great sword       |       |       |       |   345 |   674 |   540 |   152 |  1105 |   182 ||  2998
       Double sword      |       |       |       |       |       |       |       |       |  1640 ||  1640
Invok: Berserk           |     1 |     1 |     4 |     8 |     6 |    15 |     9 |     9 |    12 ||    65
       Trog's Hand       |       |       |     1 |     1 |     1 |     5 |     1 |     2 |     9 ||    20
       Brothers in Arms  |       |       |       |     1 |       |       |     1 |       |       ||     2
  Use: Scroll            |       |    12 |     8 |     8 |    14 |    22 |    18 |    14 |    12 ||   108
       Potion            |       |       |     4 |     2 |       |     5 |     1 |       |     9 ||    21
 Stab: Sleeping          |       |     2 |       |       |       |       |       |       |       ||     2
       Petrified         |       |       |       |       |     1 |       |       |       |       ||     1
  Eat: Chunk             |       |     6 |    20 |    22 |    33 |    18 |    29 |    14 |     5 ||   147
       Ration            |       |     1 |       |     6 |     4 |    10 |     3 |     5 |    14 ||    43
Armor: Animal skin       |     4 |    12 |       |       |       |       |       |       |       ||    16
       Chain mail        |       |    26 |    12 |       |       |       |       |       |       ||    38
       Plate armour      |       |       |   242 |   385 |   569 |   864 |   319 |       |       ||  2379
       Crystal plate arm |       |       |       |       |       |       |   145 |   713 |   720 ||  1578
Dodge: Dodged            |    39 |    69 |   135 |   237 |   800 |   884 |   885 |  1156 |   969 ||  5174
Block: Other             |       |       |    28 |    29 |       |       |       |       |       ||    57
       Large shield      |       |       |       |       |       |       |       |       |  2152 ||  2152
       Rpst.: Falchion   |     8 |    24 |    11 |    13 |    15 |       |       |       |       ||    71
       Triple sword      |       |       |       |     9 |    39 |   103 |   133 |       |       ||   284
       Great sword       |       |       |       |    36 |   124 |    74 |    27 |   223 |    27 ||   511
       Double sword      |       |       |       |       |       |       |       |       |    81 ||    81

Table legend:
 A = Non-vault XP
 B = Vault XP
 C = Vault XP percentage of total XP
 D = Non-vault monster count
 E = Vault monster count
 F = Vault count percentage of total count
                 A         B        C        D         E       F
            +---------+---------+-------+---------+---------+-------
      Total |  830584 |  928330 |  52.8 |    1753 |    1136 |  39.3
            +---------+---------+-------+---------+---------+-------
        D:1 |      23 |       0 |   0.0 |      14 |       0 |   0.0
        D:2 |      74 |     245 |  76.8 |      24 |       7 |  22.6
        D:3 |      44 |       3 |   6.4 |      19 |       1 |   5.0
        D:4 |     146 |       0 |   0.0 |       9 |       0 |   0.0
        D:5 |    1220 |      90 |   6.9 |      28 |       1 |   3.4
        D:6 |    1278 |       0 |   0.0 |      35 |       0 |   0.0
        D:7 |    1591 |     297 |  15.7 |      28 |       2 |   6.7
        D:8 |     171 |     580 |  77.2 |       8 |       4 |  33.3
        D:9 |     310 |     709 |  69.6 |       9 |       5 |  35.7
       D:10 |     810 |    1203 |  59.8 |      18 |      24 |  57.1
       D:11 |    4157 |       0 |   0.0 |      23 |       0 |   0.0
       D:12 |    5816 |       0 |   0.0 |      27 |       0 |   0.0
       D:13 |    6086 |    4381 |  41.9 |      44 |       2 |   4.3
       D:14 |    9206 |    6271 |  40.5 |      25 |       9 |  26.5
       D:15 |   12286 |    2995 |  19.6 |      39 |       3 |   7.1
     Lair:1 |    4233 |       0 |   0.0 |      14 |       0 |   0.0
     Lair:2 |    4845 |    1044 |  17.7 |      25 |       8 |  24.2
     Lair:3 |    2932 |    3627 |  55.3 |      13 |       5 |  27.8
     Lair:4 |   13490 |    2117 |  13.6 |      35 |       8 |  18.6
     Lair:5 |    7153 |    1035 |  12.6 |      13 |       3 |  18.8
     Lair:6 |   16278 |    9056 |  35.7 |      47 |      44 |  48.4
    Swamp:1 |   10235 |    4356 |  29.9 |      30 |       6 |  16.7
    Swamp:2 |   17091 |       0 |   0.0 |      41 |       0 |   0.0
    Swamp:3 |    6916 |       0 |   0.0 |      21 |       0 |   0.0
    Swamp:4 |   16706 |   16087 |  49.1 |      35 |      42 |  54.5
   Spider:1 |   17302 |   10524 |  37.8 |      47 |      52 |  52.5
   Spider:2 |   15236 |    5187 |  25.4 |      43 |       2 |   4.4
   Spider:3 |   14220 |   17444 |  55.1 |      38 |      35 |  47.9
   Spider:4 |    8659 |   26474 |  75.4 |      24 |      44 |  64.7
      Orc:1 |    1650 |    2755 |  62.5 |      26 |       2 |   7.1
      Orc:2 |    1111 |    6560 |  85.5 |      16 |      46 |  74.2
      Elf:1 |   10945 |    7360 |  40.2 |      18 |       7 |  28.0
      Elf:2 |   19679 |   35539 |  64.4 |      31 |      39 |  55.7
      Elf:3 |   11667 |   37288 |  76.2 |      18 |      29 |  61.7
   Vaults:1 |   26239 |   30497 |  53.8 |      45 |      40 |  47.1
   Vaults:2 |   34444 |   16386 |  32.2 |      57 |      26 |  31.3
   Vaults:3 |   40937 |   27515 |  40.2 |      75 |      28 |  27.2
   Vaults:4 |   46588 |   74987 |  61.7 |      71 |      68 |  48.9
   Vaults:5 |   42275 |  110401 |  72.3 |      73 |      78 |  51.7
   Depths:1 |   46459 |   14657 |  24.0 |      62 |      10 |  13.9
   Depths:2 |   47468 |   29277 |  38.1 |      70 |      13 |  15.7
   Depths:3 |   46690 |   75453 |  61.8 |      69 |      71 |  50.7
   Depths:4 |       0 |   69545 | 100.0 |       0 |     106 | 100.0
       Hell |   14788 |   33194 |  69.2 |      19 |      48 |  71.6
    Abyss:1 |   10484 |       0 |   0.0 |      11 |       0 |   0.0
    Abyss:3 |   18229 |   24918 |  57.8 |      37 |      17 |  31.5
    Abyss:4 |   13048 |       0 |   0.0 |      23 |       0 |   0.0
    Abyss:5 |   50667 |    4421 |   8.0 |     100 |      15 |  13.0
        Pan |  148702 |  178137 |  54.5 |     156 |     120 |  43.5
      IceCv |       0 |    4711 | 100.0 |       0 |      21 | 100.0
    Volcano |       0 |     739 | 100.0 |       0 |       9 | 100.0
     WizLab |       0 |   30265 | 100.0 |       0 |      36 | 100.0
            +---------+---------+-------+---------+---------+-------
